 Dungeon Crawl Stone Soup version 0.18.1-48-g4cf74bf (webtiles) character file.

2780 tyranidshit the Fighter (level 9, -6/135 HPs)
             Began as a Deep Dwarf Necromancer on July 24, 2016.
             Was a Believer of Makhleb.
             Mangled by a 13-headed hydra (9 damage)
             ... on level 8 of the Dungeon.
             The game lasted 00:22:50 (5688 turns).

tyranidshit the Fighter (Deep Dwarf Necromancer)    Turns: 5688, Time: 00:22:51

Health: -6/135     AC: 17    Str: 21    XL:     9   Next: 43%
Magic:  8/8        EV:  8    Int: 15    God:    Makhleb [**....]
Gold:   535        SH:  0    Dex: 13    Spells: 1 memorised, 10 levels left

rFire  . . .     SeeInvis .     t - +1 war axe
rCold  . . .     Gourm    .     h - +0 plate armour
rNeg   . . .     Faith    .     (no shield)
rPois  +         Spirit   .     a - +0 helmet
rElec  .         Dismiss  .     m - +2 cloak
rCorr  .         Reflect  .     (no gloves)
SustAt .         Harm     .     (no boots)
MR     +....                    y - amulet of rage
Stlth  ..........               (no ring)
                                l - ring of poison resistance

@: berserking (expiring), non-regenerating, very quick, somewhat resistant to
hostile enchantments, extremely unstealthy
A: damage resistance, recharge devices, sense surroundings 2, slow regeneration
3
a: Device Recharging, Minor Destruction, Renounce Religion, Evoke Berserk Rage


You were on level 8 of the Dungeon.
You worshipped Makhleb.
Makhleb was pleased with you.
You were full.

You visited 2 branches of the dungeon, and saw 9 of its levels.

You collected 535 gold pieces.

Inventory:

Hand Weapons
 t - a +1 war axe (weapon)
Armour
 a - a +0 helmet (worn)
 h - a +0 plate armour (worn)
 m - a +2 cloak (worn)
 x - a +2 scale mail of positive energy
Jewellery
 l - a ring of poison resistance (left hand)
 y - an amulet of rage (around neck)
Wands
 c - a wand of heal wounds (3/9)
 g - a wand of acid (0/15)
 i - a wand of hasting (0/9)
 s - a wand of random effects (35/48)
Scrolls
 k - a scroll of amnesia
 o - 2 scrolls of remove curse
 q - 2 scrolls of teleportation
 r - a scroll of identify
 u - a scroll of fear
Potions
 n - 2 potions of agility
 p - 2 potions of curing
Books
 b - a book of Necromancy

   Spells                             Type                      Level
   a - Pain                           Necromancy                   1
   b - Animate Skeleton               Necromancy                   1
   c - Vampiric Draining              Necromancy                   3
   d - Regeneration                   Charms/Necromancy            3
   e - Animate Dead                   Necromancy                   4
   f - Control Undead                 Necromancy                   4
 d - a book of Air

   Spells                             Type                      Level
   a - Shock                          Conjuration/Air              1
   b - Swiftness                      Charms/Air                   2
   c - Repel Missiles                 Charms/Air                   2
   d - Static Discharge               Conjuration/Air              3
   e - Lightning Bolt                 Conjuration/Air              5
Comestibles
 f - a meat ration
 j - 5 bread rations
 v - 12 fruits
 w - 6 slices of pizza


   Skills:
 + Level 8.3 Fighting
 - Level 5.5 Axes
 - Level 6.3 Armour
 + Level 5.6 Dodging
 - Level 2.4 Stealth
 - Level 1.7 Spellcasting
 - Level 4.3 Necromancy


You had 10 spell levels left.
You knew the following spells:

 Your Spells              Type           Power        Failure   Level  Hunger
a - Pain                  Necr           ##..         83%         1    ##.....


Dungeon Overview and Level Annotations

Branches:
Dungeon (8/15)             Temple (1/1) D:4
   Lair: D:8-11

Altars:
Cheibriados
Dithmenos
Fedhas
Gozag
Kikubaaqudgha
Makhleb
Okawaru
Pakellas
Qazlal
Sif Muna
Vehumet
Xom
Yredelemnul
Zin

Shops:
D:7 [

Annotations:
D:7 Trampli's ghost, novice FoAK


Innate Abilities, Weirdness & Mutations

You are resistant to damage.
You can recharge devices by infusing magical energy.
You passively map the area around you.
You do not regenerate naturally.


Message History

The 12-headed hydra bites you.
The 12-headed hydra bites you but does no damage.
The 12-headed hydra barely misses you. The 12-headed hydra bites you!
* * * LOW HITPOINT WARNING * * *
The 12-headed hydra bites you!
* * * LOW HITPOINT WARNING * * *
The 12-headed hydra bites you but does no damage.
You lop one of the 12-headed hydra's heads off!
The 11-headed hydra grows two more!
You slash the 13-headed hydra!
The 13-headed hydra is severely wounded.
The 13-headed hydra barely misses you.
The 13-headed hydra bites you but does no damage. x3
The 13-headed hydra barely misses you.
The 13-headed hydra bites you but does no damage.
The 13-headed hydra bites you.
* * * LOW HITPOINT WARNING * * *
The 13-headed hydra bites you.
* * * LOW HITPOINT WARNING * * *
The 13-headed hydra closely misses you. The 13-headed hydra bites you!
You die...

, #.###### #......#
##########
#######.####.%'(....#
.).........#).#D@...#*
* #######....#+###'''##
, ,
...........#.≈P.....#**
* ,*
#########..#P≈≈.....# *
#..#≈≈P..P..#
#..#P≈......#
#..#PP≈.≈.≈.###### * *
#..#####(#####...# *
#..# #...(.).....###<#


You could see a 13-headed hydra.

Vanquished Creatures
  Prince Ribbit (D:7)
  2 yaks (D:8)
  A phantom (D:5)
  An orc warrior (D:7)
  A black bear (D:7)
  An ogre (D:4)
  4 centaurs
  3 big kobolds (D:8)
  2 giant frogs
  2 scorpions
  3 wights (D:6)
  4 crimson imps
  A howler monkey (D:4)
  A giant frog zombie (D:5)
  2 jellies (D:5)
  A centaur skeleton (D:8)
  2 hounds
  An orc priest (D:5)
  An iguana (D:8)
  5 orc wizards
  8 worker ants
  2 sheep (D:8)
  A hound zombie (D:6)
  A hound skeleton (D:8)
  4 gnolls (D:5)
  8 adders
  3 worms (D:2)
  5 giant geckos
  20 orcs
  10 giant cockroaches
  6 goblins
  5 hobgoblins
  22 jackals
  3 quokkas
  2 ball pythons
  3 bats
  2 giant gecko skeletons
  3 giant newts
  8 kobolds
  6 rats
161 creatures vanquished.

Vanquished Creatures (others)
  A rat (D:2)
1 creature vanquished.

Grand Total: 162 creatures vanquished

Notes
Turn   | Place    | Note
--------------------------------------------------------------
     0 | D:1      | tyranidshit the Deep Dwarf Necromancer began the quest for the Orb.
     0 | D:1      | Reached XP level 1. HP: 15/15 MP: 3/3
    49 | D:1      | Reached skill level 1 in Fighting
   228 | D:1      | Reached XP level 2. HP: 23/25 MP: 4/4
   770 | D:2      | Reached skill level 2 in Fighting
   920 | D:2      | Found an iron altar of Okawaru.
   995 | D:2      | Reached XP level 3. HP: 13/33 MP: 5/5
  1283 | D:2      | Reached skill level 3 in Fighting
  1724 | D:3      | Reached XP level 4. HP: 33/42 MP: 6/6
  2249 | D:4      | Noticed a centaur
  2253 | D:4      | Reached skill level 4 in Fighting
  2267 | D:4      | Killed a centaur
  2267 | D:4      | Reached XP level 5. HP: 23/51 MP: 7/7
  2339 | D:4      | Reached skill level 5 in Fighting
  2571 | D:4      | Reached XP level 6. HP: 47/61 MP: 8/8
  2878 | D:4      | Reached skill level 6 in Fighting
  2884 | D:4      | Found a staircase to the Ecumenical Temple.
  2910 | Temple   | Entered the Ecumenical Temple
  2922 | Temple   | Became a worshipper of Makhleb the Destroyer
  3088 | D:4      | Found a glowing silver altar of Zin.
  3132 | D:4      | Reached XP level 7. HP: 18/70 MP: 9/9
  3195 | D:5      | Entered Level 5 of the Dungeon
  3256 | D:5      | Reached skill level 1 in Armour
  3354 | D:5      | Reached skill level 7 in Fighting
  3366 | D:5      | Reached * piety under Makhleb
  3441 | D:5      | Reached skill level 1 in Axes
  3783 | D:5      | Reached XP level 8. HP: 20/80 MP: 8/8
  3927 | D:5      | Found an oddly glowing altar of Pakellas.
  3927 | D:5      | Found an ancient bone altar of Kikubaaqudgha.
  3930 | D:5      | Found a snail-covered altar of Cheibriados.
  4394 | D:6      | Reached skill level 5 in Armour
  4871 | D:6      | Found an opulent altar of Gozag.
  5036 | D:7      | Found a shimmering altar of Xom.
  5067 | D:7      | Found Qauciov's Armour Shoppe.
  5080 | D:7      | Noticed Trampli's ghost (novice FoAK)
  5126 | D:7      | Noticed Prince Ribbit
  5160 | D:7      | Killed Prince Ribbit
  5160 | D:7      | Reached skill level 5 in Axes
  5210 | D:7      | Reached ** piety under Makhleb
  5460 | D:8      | Gained mutation: You passively map the area around you. [Deep Dwarf growth]
  5460 | D:8      | Reached XP level 9. HP: 21/86 MP: 8/8
  5642 | D:8      | Reached skill level 8 in Fighting
  5642 | D:8      | Reached skill level 5 in Dodging
  5672 | D:8      | Noticed a three-headed hydra
  5688 | D:8      | HP: 5/135 [13-headed hydra (2)]
  5688 | D:8      | Mangled by a 13-headed hydra

Skill      XL: |  1  2  3  4  5  6  7  8  9 |
---------------+----------------------------+-----
Fighting       | 1 2 3 4 5 6 7 8 |  8.3
Armour         | 4 6 |  6.3
Axes           | 2 5 |  5.5
Dodging        | 3 5 |  5.6
Stealth        | |  2.4
Spellcasting   | |  1.7
Necromancy     | |  4.3

Action                   |  1- 3 |  4- 6 |  7- 9 || total
-------------------------+-------+-------+-------++-------
Melee: Mace              |   166 |   260 |   134 ||   560
       Hand axe          |       |       |   167 ||   167
       War axe           |       |       |   180 ||   180
       Dagger            |       |       |    37 ||    37
 Cast: Pain              |     3 |       |       ||     3
 Abil: Device Recharging |       |       |     3 ||     3
       Evoke Berserk Rag |       |       |     1 ||     1
Evoke: Wand              |     1 |     5 |    28 ||    34
  Use: Potion            |     6 |     2 |     1 ||     9
       Scroll            |     7 |     5 |     6 ||    18
 Stab: Sleeping          |     1 |       |       ||     1
       Invisible         |     6 |       |       ||     6
  Eat: Bread ration      |     1 |       |     1 ||     2
       Royal jelly       |       |     1 |       ||     1
       Chunk             |       |     2 |       ||     2
       Meat ration       |       |       |     2 ||     2
Armor: Ring mail         |    90 |    60 |       ||   150
       Robe              |     9 |       |       ||     9
       Plate armour      |       |   275 |   357 ||   632
       Scale mail        |       |       |   141 ||   141
Dodge: Dodged            |   172 |   150 |   260 ||   582
